Map: 凯罗斯中转站-天梯版

Players

EnDerr

  • Race: Zerg Zerg
  • League: Diamond

iGMacSed (MacSed) - Winner!

  • Race: Protoss Protoss

Event: WESG 2018 Grand Finals

VOD

Have the link to the VOD?

Description

Time

  • Played on: March 12, 2019, 5:04 a.m.
  • Length: 10:13

All games in this series

Show
View Real Time Build Order
Export as new Build Order

EnDerr Zerg 

Build Orders: Hatch First 

Get SALT Encoding   

  12  0:00  Drone  
  13  0:10  Drone  
  14  0:17  Overlord  
  14  0:35  Drone x3  
  17  0:53  Hatchery  
  17  0:57  Drone  
  17  0:59  Drone  
  18  1:11  Extractor  
  17  1:14  Spawning Pool  
  16  1:18  Drone  
  16  1:21  Drone  
  18  1:31  Drone  
  19  1:42  Overlord  
  19  1:54  Drone  
  20  2:01  Queen  
  20  2:02  Zergling x2  
  20  2:04  Queen  
  20  2:05  Zergling x2  
  26  2:12  Drone  
  26  2:15  Metabolic Boost  
  27  2:16  Drone  
  28  2:28  Drone x2  
  30  2:40  Hatchery  
  29  2:47  Queen  
  31  2:53  Overlord  
  31  2:57  Drone  
  32  3:00  Drone  
  32  3:01  Drone  
  32  3:05  Pneumatized Carapace  
  34  3:12  Drone x3  
  37  3:15  Drone  
  37  3:19  Drone  
  39  3:27  Drone x4  
  39  3:33  Overlord  
  43  3:38  Queen  
  43  3:39  Extractor  
  45  3:47  Overlord  
  44  3:49  Roach Warren  
  44  3:52  Extractor  
  44  3:55  Drone x3  
  45  3:56  Drone  
  45  3:57  Drone  
  47  4:06  Zergling x6  
  50  4:11  Overlord  
  50  4:18  Drone x2  
  50  4:19  Drone x4  
  55  4:31  Drone  
  55  4:32  Lair, Evolution Chamber  
  55  4:35  Zergling x2  
  55  4:36  Zergling x2  
  57  4:39  Drone x4  
  57  4:40  Drone x2  
  63  4:46  Overlord  
  63  4:48  Drone x2  
  63  4:49  Drone  
  66  4:58  Overlord, Zerg Missile Weapons Level 1, Drone  
  66  4:59  Drone  
  69  5:00  Drone x2  
  69  5:06  Drone x2  
  69  5:07  Drone x4  
  74  5:10  Extractor x2  
  74  5:14  Overlord  
  74  5:32  Queen  
  74  5:33  Queen  
  74  5:35  Overlord, Glial Reconstitution  
  78  5:36  Roach x2  
  78  5:37  Roach x5  
  78  5:38  Roach  
  78  5:41  Extractor  
  95  5:43  Roach  
  95  5:45  Roach  
  97  5:53  Overlord  
  97  5:55  Spire, Drone  
  97  6:01  Roach x2  
  97  6:03  Roach x2  
  104  6:11  Overlord x4  
  104  6:12  Overlord  
  104  6:19  Drone x2  
  104  6:20  Roach x3  
  112  6:27  Overlord  
  112  6:33  Roach x4  
  112  6:36  Roach  
  122  6:40  Extractor  
  122  6:46  Roach x6  
  133  6:51  Roach x2  
  135  7:07  Mutalisk  
  135  7:08  Mutalisk x3  
  143  7:16  Roach x5  
  143  7:19  Hatchery  
  152  7:23  Roach  
  152  7:32  Roach  
  152  7:38  Roach  
  150  7:46  Zerg Missile Weapons Level 2  
  150  7:47  Overlord x4  
  150  7:48  Hydralisk Den  
  149  8:01  Overlord x2  
  149  8:02  Overlord x3  
  149  8:18  Grooved Spines, Hydralisk x2  
  149  8:19  Hydralisk x10  
  169  8:33  Drone  
  169  8:34  Drone x8  
  178  8:41  Hydralisk x3  
  178  8:47  Hydralisk x2  
  178  8:48  Hydralisk x3  
  194  8:56  Hydralisk x2  
  194  9:00  Hydralisk  
  200  9:07  Hydralisk  
  200  9:08  Hydralisk  
  200  9:09  Hydralisk x2  
  198  9:10  Hydralisk  
  198  9:14  Hydralisk  
  198  9:15  Hydralisk  
  172  9:18  Hydralisk  
  172  9:23  Roach x3  
  150  9:26  Hydralisk  
  150  9:28  Roach  
  150  9:30  Roach  
  128  9:35  Roach  
  128  9:38  Roach x4  
  125  9:41  Roach  
  125  9:43  Roach  
  125  9:44  Roach  
  119  9:46  Roach  
  119  9:48  Roach  
  119  9:51  Roach  
  109  9:53  Roach  
Show
View Real Time Build Order
Export as new Build Order

iGMacSed Protoss - Winner!

Build Orders: 1 Gate Expand, Zealot Archon 

Get SALT Encoding   

  12  0:00  Probe  
  13  0:13  Probe  
  14  0:18  Pylon  
  14  0:24  Probe  
  15  0:32  Probe  
  15  0:38  Gateway  
  15  0:40  Probe  
  16  0:47  Assimilator  
  17  0:51  Probe  
  18  1:03  Probe  
  19  1:15  Probe  
  20  1:23  Nexus  
  20  1:32  Cybernetics Core  
  20  1:35  Probe  
  21  1:44  Assimilator  
  21  1:48  Probe  
  21  1:50  Pylon  
  22  1:59  Adept  
  22  2:00  Probe  
  23  2:12  Probe  
  23  2:13  Robotics Facility  
  26  2:20  Stalker, Warp Gate  
  26  2:24  Probe  
  27  2:31  Probe  
  27  2:36  Probe  
  31  2:40  Probe  
  32  2:48  Probe  
  32  2:49  Probe  
  32  2:51  Sentry, Warp Prism  
  36  3:00  Probe  
  36  3:02  Probe  
  40  3:12  Probe  
  41  3:14  Pylon, Probe  
  41  3:17  Sentry  
  44  3:24  Probe  
  44  3:26  Probe  
  44  3:27  Gateway  
  46  3:32  Observer, Assimilator  
  47  3:35  Assimilator  
  47  3:36  Probe  
  47  3:39  Pylon, Probe  
  49  3:49  Probe  
  49  3:51  Probe  
  51  3:58  Immortal  
  51  4:01  Probe  
  56  4:03  Probe  
  56  4:05  Pylon  
  57  4:11  Adept  
  57  4:13  Probe  
  57  4:15  Probe  
  61  4:19  Twilight Council  
  61  4:21  Forge  
  61  4:25  Probe  
  62  4:34  Gateway x2  
  62  4:35  Sentry  
  64  4:39  Pylon  
  64  4:45  Observer  
  65  4:51  Pylon  
  65  4:57  Protoss Ground Weapons Level 1, Charge  
  65  5:01  Templar Archives  
  65  5:08  Immortal  
  65  5:09  Phoenix  
  65  5:10  Nexus  
  65  5:11  Pylon  
  69  5:30  Probe x2  
  69  5:33  Shield Battery  
  71  5:42  Probe  
  71  5:44  Probe  
  71  5:46  Pylon, High Templar x2, Immortal  
  81  5:50  Archon  
  81  5:51  Zealot x2  
  81  5:55  Probe  
  85  6:17  Gateway  
  85  6:18  Gateway  
  85  6:21  Gateway  
  85  6:22  Gateway  
  85  6:25  Probe x2  
  87  6:31  Photon Cannon  
  87  6:32  Shield Battery, Probe  
  88  6:33  Shield Battery  
  88  6:37  Probe x2  
  90  6:44  Pylon, Probe  
  91  6:47  Stargate  
  91  6:49  Probe x2  
  91  6:51  Observer  
  91  6:52  Stargate  
  93  6:56  Probe  
  93  6:57  Photon Cannon  
  93  7:01  Shield Battery, Probe x2  
  94  7:03  Protoss Ground Weapons Level 2  
  94  7:04  Assimilator  
  94  7:07  Zealot x2  
  94  7:08  Probe  
  101  7:09  Assimilator  
  101  7:14  Probe x2  
  103  7:17  Gateway  
  103  7:18  Gateway  
  103  7:25  Phoenix  
  103  7:26  Zealot x2  
  103  7:27  Probe  
  108  7:31  Phoenix  
  108  7:36  Probe  
  108  7:37  Probe  
  112  7:45  High Templar  
  112  7:46  High Templar x3  
  112  7:48  Probe  
  112  7:49  Probe x2  
  121  7:53  Shield Battery  
  121  7:54  Archon  
  121  7:55  Archon  
  121  7:57  Pylon, Phoenix x2  
  119  8:00  Probe  
  119  8:03  Blink  
  123  8:11  Probe  
  124  8:17  Probe  
  124  8:18  Phoenix x2  
  125  8:24  Pylon  
  129  8:29  High Templar  
  129  8:30  High Templar  
  129  8:32  Pylon x2  
  133  8:35  Pylon  
  133  8:37  Archon  
  133  8:38  Pylon  
  133  8:43  Pylon  
  133  8:45  Zealot x4  
  141  8:59  High Templar x2, Zealot  
  141  9:00  Zealot  
  149  9:06  Archon  
  145  9:13  Zealot x6  
  129  9:22  Zealot x2  
  119  9:40  Zealot x8  
  109  10:02  High Templar x4  
  109  10:03  High Templar x2  
  109  10:04  Zealot x4  
  131  10:08  Archon x2  
  131  10:09  Archon  
Tags
 
Add a new tag
Caveats
  • Supply blocks, unpowered buildings, or Contaminate may cause inaccurate times.
  • Supply counts are checked every 10 seconds.